 Dungeon Crawl Stone Soup version 0.23.2-1-ga50397a (webtiles) character file.

Game seed: 11889705284187503532

53 MalarOregon the Poker (level 3, 0/28 HPs)
             Began as a Merfolk Skald on May 20, 2019.
             Succumbed to an adder's poison
             ... on level 2 of the Dungeon.
             The game lasted 00:02:24 (857 turns).

MalarOregon the Poker (Merfolk Skald)                Turns: 857, Time: 00:02:25

Health: 0/28       AC:  3    Str: 12    XL:     3   Next: 87%
Magic:  3/6        EV: 12    Int: 17    God:
Gold:   24         SH:  0    Dex: 13    Spells: 2/6 levels left

rFire    . . .     SeeInvis .   a - +0 spear
rCold    . . .     Gourm    .   (no shield)
rNeg     . . .     Faith    .   b - +0 leather armour
rPois    .         Spirit   .   (no helmet)
rElec    .         Reflect  .   (no cloak)
rCorr    .         Harm     .   (no gloves)
MR       .....                  (no boots)
Stlth    +.........             (no amulet)
HPRegen  0.09/turn              (no ring)
MPRegen  0.10/turn              (no ring)

@: brilliant, lethally poisoned (0 -> -5), very slightly contaminated, invisible
A: change form in water, swift swim, stealthy swim
a: no special abilities


You were on level 2 of the Dungeon.
You were not hungry.

You visited 1 branch of the dungeon, and saw 2 of its levels.

You collected 24 gold pieces.

Inventory:

Hand Weapons
 a - a +0 spear (weapon)
Armour
 b - a +0 leather armour (worn)
Scrolls
 c - a scroll of fog {unknown}
 d - 2 scrolls of remove curse {unknown}
 f - 2 scrolls of teleportation {unknown}
Comestibles
 e - 2 rations {!d}
 g - 3 chunks of flesh


   Skills:
 + Level 2.8 Fighting
 * Level 4.6 Polearms
 + Level 1.3 Armour
 - Level 3.0 Dodging
 - Level 2.0 Spellcasting
 - Level 3.2 Charms


You had 2 spell levels left.
You knew the following spells:

 Your Spells              Type           Power        Failure   Level  Hunger
a - Infusion              Chrm           ###.         1%          1    #......
t - Spectral Weapon       Hex/Chrm       ###.....     4%          3    ###....

Your spell library contained the following spells:

 Spells                   Type           Power        Failure   Level  Hunger
 Song of Slaying          Chrm           ###.....     1%          2    ###....
 Shroud of Golubria       Chrm/Tloc      ###.......   2%          2    ###....
 Regeneration             Chrm/Necr      ###.......   4%          3    ###....


Dungeon Overview and Level Annotations

Branches:
Dungeon (2/15)

Altars:


Message History

You barely miss the adder.
* * * LOW HITPOINT WARNING * * *
You feel sick. The adder misses you.
You hit the adder. The adder closely misses you.
You hit the adder.
* * * LOW HITPOINT WARNING * * *
You feel sick. The adder barely misses you.
You closely miss the adder.
* * * LOW HITPOINT WARNING * * *
You feel sick. The adder closely misses you. The adder bites you.
* * * LOW HITPOINT WARNING * * *
You closely miss the adder.
* * * LOW HITPOINT WARNING * * *
You feel sick. The adder barely misses you.
You miss the adder.
* * * LOW HITPOINT WARNING * * *
You feel sick. The adder misses you.
You hit the adder.
You kill the adder!
* * * LOW HITPOINT WARNING * * *
You feel sick.
You see here an adder corpse.
* * * LOW HITPOINT WARNING * * *
You feel sick.
You can't memorise that many levels of magic yet!
You draw out your weapon's spirit!
* * * LOW HITPOINT WARNING * * *
You feel sick.
You see here an adder corpse.
Really attack your spectral weapon?
You hit your spectral weapon.
* * * LOW HITPOINT WARNING * * *
You feel sick. Really attack your spectral weapon?
You hit your spectral weapon. Really attack your spectral weapon?
You barely miss your spectral weapon.
Okay, then.
You aren't carrying any potions.
Wield which item (- for none, * to show all)? (? for menu, Esc to quit)
Okay, then.
There is a lethal amount of poison in your body!
Unknown command.
Wield which item (- for none, * to show all)? (? for menu, Esc to quit)
Okay, then.
* * * LOW HITPOINT WARNING * * *
You feel sick.
There is a lethal amount of poison in your body!
Unknown command.
You die...

.# #####.###
#.......
..##.####
#........
#@##.#
##.##.####
#..(.....#
##.##†##.#
#####.##.# #
#........#.#
#####.##.#.##
####.##....#
#.......#..#


You could see a friendly spectral +0 spear.

Vanquished Creatures
  An adder (D:2)
  An ooze (D:1)
  2 dart slugs (D:1)
  A leopard gecko (D:1)
  3 bats (D:1)
  2 giant cockroaches
  5 goblins (D:1)
  3 hobgoblins (D:1)
  5 kobolds (D:1)
  4 frilled lizards
  6 rats (D:1)
33 creatures vanquished.

Notes
Turn   | Place    | Note
-------+----------+-------------------------------------------
     0 | D:1      | MalarOregon the Merfolk Skald began the quest for the Orb.
     0 | D:1      | Reached XP level 1. HP: 16/16 MP: 3/3
    85 | D:1      | Reached XP level 2. HP: 23/23 MP: 5/5
   122 | D:1      | Reached skill level 1 in Armour
   179 | D:1      | Reached skill level 4 in Polearms
   179 | D:1      | Reached XP level 3. HP: 11/28 MP: 6/6
   832 | D:2      | Learned a level 3 spell: Spectral Weapon
   852 | D:2      | HP: 1/28 [poisoned by an adder]
   857 | D:2      | Succumbed to an adder's poison

Skill      XL: |  1  2 |
---------------+-------+-----
Dodging        | 3 |  3.0
Armour         | 1 |  1.3
Polearms       | 4 |  4.6
Fighting       | |  2.8
Spellcasting   | |  2.0
Charms         | |  3.2

Action                   || total
-------------------------++-------
Melee: Spear             ||   115
 Cast: Spectral Weapon   ||     1
  Use: Potion            ||     2
Armor: Leather armour    ||    23
Dodge: Dodged            ||    73
